← All builds
Geo sea / Armada / Economy first / OBSERVED BUILD

Standard geo sea

Armada Geo sea build order · Supreme Isthmus

The role's baseline: bot lab then shipyard in the cove, early destroyer and submarine to contest the sea, with geothermal powering the economy as the game transitions into a naval/amphibious mix.

Usually shipyard in the cove (89%)

#naval #eco · 1366 distinct matches · 174 players · 78% of Armada Geo sea games · team won 55% of 1522 · Recently observed

HOW TO PLAY IT

Key timing: Shipyard by 3:12

  1. Open 3 mex and wind, then drop Bot Lab by 1:12.
  2. Build Shipyard in the cove to start the naval contest.
  3. Pump submarine then destroyer to contest enemy sea entry.
  4. Add geothermal powerplant to fund the economy transition.
  5. Upgrade to Advanced Metal Extractor as eco scaling finishes.

Phase by phase

TYPICAL OF ITS 1366 GAMES
  1. 1
  2. 2
  3. 3
  4. 4
PLAY THE OPENING

Follow the example game's first 6:00 step by step: what to build now, what comes next, and where it goes. At 1× it keeps pace with your own game.

  1. 1

    Up to the Bot Lab

    Economy
    • Metal Extractor3Mex
    • Wind Turbine3Wind
    Order
    1. Bot LabBot Lab after 3 mex, 3 winddone ~1:12, middle half 1:06–1:18

    Some games also: wind for allies (46%)

    By 0:55 in all: 3 mex · 3 wind

    The example game in this phase · 5 steps
    1. Mex ×3
    2. Wind
    3. Wind ×2for Air
    4. Wind
    5. Bot LabBot Labdone 1:12 · typical 1:12
  2. 2

    Bot Lab to Shipyard

    Economy
    • Metal Extractor1Mex
    • Wind Turbine1Wind
    Order
    1. ShipyardShipyard after 4 mex, 4 winddone ~3:11, middle half 2:48–3:37
    Builders
    • Construction Bot3 Con bot
    • Lazarus2 Lazarus

    Some games also: pawn (41%) · con turret (39%) · crossbow (38%)

    By 2:47 in all: 4 mex · 4 wind

    The example game in this phase · 12 steps
    1. LazarusLazarus
    2. Wind ×2
    3. Construction BotCon bot
    4. Wind ×2
    5. LazarusLazarus ×2
    6. Construction BotCon bot
    7. Energy storage
    8. CrossbowCrossbow
    9. Construction BotCon bot
    10. Radar TowerRadar Tower
    11. PawnPawn ×2
    12. ShipyardShipyarddone 3:19 · typical 3:11
  3. 3

    Shipyard to 5:00

    Economy
    • Metal Extractor4Mex
    • Wind Turbine2Wind
    Order
    1. Bot LabEat Bot Lab
    Builders
    • Construction Ship1 Con ship
    Army
    • Dolphin3 Dolphin
    • Skater1 Skater
    Other
    • Radar Tower1 Radar Tower

    Some games also: destroyer (48%) · Sentry (44%) · submarine (44%) · converter (33%) · con turret (32%)

    By 5:00 in all: 8 mex · 7 wind · 1 energy storage · 1 con turret

    The example game in this phase · 10 steps
    1. Construction ShipCon ship
    2. DolphinDolphin ×2
    3. Mex ×2
    4. DolphinDolphin
    5. Bot LabEat Bot Labreclaimed for its metal
    6. DolphinDolphin ×2
    7. Mex
    8. DolphinDolphin
    9. CorsairDestroyerdone 5:16 · typical 5:39
    10. Mex ×2
  4. 4

    5:00 to 10:00

    Economy
    • Metal Extractor2Mex
    • Wind Turbine12Wind
    • Energy Converter3Converter
    Builders
    • Construction Turret1 Con turret
    • Grim Reaper1 Grim Reaper
    • Construction Ship1 Con ship
    Army
    • Sentry1 Sentry
    • Dolphin4 Dolphin
    • Skater2 Skater
    • Corsair2 Destroyer

    Some games also: Harpoon (42%) · frigate (42%) · geo (41%) · Naval Construction Turret (35%) · submarine (30%)

    By 10:00 in all: 11 mex · 20 wind · 1 geo · 4 converter · 1 energy storage · 2 con turret

    The example game in this phase · 88 steps
    1. EelSubmarinedone 5:41 · typical 4:27
    2. SentrySentry
    3. Grim ReaperGrim Reaper
    4. SentrySentry
    5. NettleNettle
    6. SkaterSkater
    7. Radar TowerRadar Tower
    8. DolphinDolphin
    9. Naval Radar / Sonar TowerNaval Radar / Sonar Tower
    10. Construction ShipCon ship
    11. Mex
    12. DolphinDolphin
    13. HarpoonHarpoon
    14. DolphinDolphin
    15. HarpoonHarpoon
    16. DolphinDolphin ×2
    17. CorsairDestroyer
    18. Naval Radar / Sonar TowerNaval Radar / Sonar Tower
    19. Advanced Metal ExtractorT2 mexdone 9:07 · typical 9:20
    20. Wind ×2
    21. Construction ShipCon ship
    22. SentrySentry
    23. Grim ReaperGrim Reaper
    24. SentrySentry
    25. SkaterSkater
    26. DolphinDolphin
    27. Wind
    28. DolphinDolphin
    29. Advanced Metal ExtractorT2 mex
    30. DolphinDolphin
    31. Wind
    32. DolphinDolphin
    33. Wind
    34. DolphinDolphin
    35. Wind
    36. CorsairDestroyer
    37. Wind ×2
    38. Grim ReaperGrim Reaper
    39. Wind
    40. SkaterSkater
    41. Wind
    42. DolphinDolphin
    43. Advanced Metal ExtractorT2 mex
    44. DolphinDolphin
    45. Wind
    46. DolphinDolphin ×2
    47. Wind
    48. DolphinDolphin
    49. Wind
    50. CorsairDestroyer
    51. HarpoonHarpoon
    52. Wind
    53. HarpoonHarpoon
    54. Wind ×2
    55. Grim ReaperGrim Reaper
    56. Wind
    57. SkaterSkater
    58. DolphinDolphin
    59. Wind
    60. DolphinDolphin
    61. Wind
    62. DolphinDolphin
    63. Construction ShipCon ship
    64. Wind
    65. Advanced Metal ExtractorT2 mex
    66. DolphinDolphin
    67. Wind
    68. DolphinDolphin
    69. CorsairDestroyer
    70. Naval Construction Turret ×2
    71. Grim ReaperGrim Reaper
    72. SkaterSkater
    73. DolphinDolphin
    74. HarpoonHarpoon
    75. DolphinDolphin ×2
    76. Bot LabBot Labdone 13:39
    77. DolphinDolphin
    78. Advanced Metal ExtractorT2 mex
    79. Construction BotCon bot
    80. DolphinDolphin
    81. CorsairDestroyer
    82. Construction BotCon bot
    83. Con turret
    84. Bot LabEat Bot Labreclaimed for its metal
    85. Con turret
    86. Wind
    87. Grim ReaperGrim Reaper
    88. Advanced Metal ExtractorT2 mex

Counts are medians over the build's games: half of them build more, half fewer. The example game is Kontraption's (32 OS, 08/10/2026); pick another.

Team trades

IN AT LEAST 30% OF ITS GAMES

You hand over

  • Wind Turbine2 Wind to Airfirst at 1:41 · in 64% of games

You get

  • Finch1 Finch from Airfirst at 1:53 · in 74% of games
  • Hercules1 Light transport from Airfirst at 2:04 · in 65% of games
  • Advanced Construction Bot1 T2 con bot from Techfirst at 7:43 · in 90% of games

How it plays out

Typical game of this build, running totals by minute

Metal produced

010k20k30k
0:005:0010:0015:00

metal

Enemy metal destroyed

05k10k
0:005:0010:0015:00

metal

Own metal lost

02.5k5k7.5k
0:005:0010:0015:00

metal

1522 games.

Show as table
ByMetal produced: This buildEnemy metal destroyed: This buildOwn metal lost: This build
1:0039500
2:0092800
3:00159900
4:002876040
5:00412519054
6:005516531294
7:007053988625
8:00871716811028
9:001057124591592
10:001280033632241
11:001537844273115
12:001846254733815
13:002179564554611
14:002540875645386
15:002899384626190
WHAT THE NUMBERS SAY

Standard Geo sea play wins slightly less than half the time but builds a strong metal base by 15:00 with moderate losses.

  • + Metal produced reaches 29210 by 15:00, well above Beach sea's early pace.
  • + Corsair (destroyer) makes up 34% of army, a clear naval focus.
  • − Own metal lost climbs to 6339 by 15:00 from sea skirmishes.
  • − Geothermal only completes in 58% of games, an inconsistent power spike.
THE EXAMPLE YOU ARE READING

Kontraption

32.2 OS · 08/10/2026

Open source match ↗

4 received units · includes a constructor
333 metal received · 31845 energy received

Allied construction assistance is unknown. Timings are observations, not a promise of solo reproducibility.

Typical milestones

Bot Lab1:12Middle 50%: 1:06–1:18 · n=1479
Shipyard3:11Middle 50%: 2:48–3:37 · n=1501
Eel4:27Middle 50%: 3:45–5:38 · n=926
Corsair5:39Middle 50%: 4:56–6:38 · n=1401
Geothermal Powerplant7:52Middle 50%: 6:49–9:30 · n=961
Advanced Metal Extractor9:20Middle 50%: 8:39–10:10 · n=1332

Played most by

_X_136games of this buildJesterB68games of this buildOptimusprimenutt61games of this buildhaaven55games of this buildpyrothraxus51games of this build